 Dungeon Crawl Stone Soup version 0.29.0-4-gdea44cf6ec (webtiles) character file.

Game seed: 15285451002985106548

51 qw the Chopper (level 3, -1/21 HPs)
             Began as a Tengu Warper on Aug 28, 2022.
             Slain by Grinder (8 damage)
             ... on level 3 of the Dungeon.
             The game lasted 00:00:11 (2007 turns).

qw the Chopper (Tengu Warper)                       Turns: 2007, Time: 00:00:11

Health: -1/21      AC:  8    Str: 13    XL:     3   Next: 81%
Magic:  7/7        EV: 10    Int: 13    God:
Gold:   130        SH:  0    Dex: 13    Spells: 6/6 levels left

rFire   . . .      SeeInvis .   b - +4 war axe
rCold   . . .      Faith    .   (no shield)
rNeg    . . .      Spirit   .   f - +0 chain mail
rPois   .          Reflect  .   (helmet restricted)
rElec   .          Harm     .   (no cloak)
rCorr   .          Rampage  .   (no gloves)
Will    .....                   (boots unavailable)
Stlth   ..........              (no amulet)
HPRegen 0.07/turn               m - +4 ring of evasion
MPRegen 0.10/turn               (no ring)

@: no status effects
A: beak, talons 3
a: no special abilities


You were on level 3 of the Dungeon.
You visited 1 branch of the dungeon, and saw 3 of its levels.

You collected 130 gold pieces.


Innate Abilities, Weirdness & Mutations

You have a beak for a mouth.
You have claws for feet.


   Skills:
 - Level 2.0 Fighting
 + Level 4.4 Axes
 - Level 1.0 Throwing
 - Level 1.1 Armour
 - Level 2.1 Dodging
 - Level 2.0 Spellcasting
 - Level 2.4 Translocations


You had 6 spell levels left.
You didn't know any spells.
Your spell library contained the following spells:

 Spells                   Type           Power      Damage    Failure   Level
 Blink                    Tloc           14%        N/A       99%         2
 Gell's Gravitas          Tloc           7%         N/A       100%        3
 Lesser Beckoning         Tloc           7%         N/A       100%        3
 Teleport Other           Tloc           7%         N/A       100%        3
 Manifold Assault         Tloc           7%         N/A       100%        5

Inventory:

Hand Weapons
 b - a +4 war axe (weapon)
 k - a +0 whip
Missiles
 c - 2 boomerangs (quivered)
Armour
 f - a +0 chain mail (worn)
Jewellery
 a - a ring of ice
 m - a +4 ring of evasion (left hand)
Scrolls
 g - a scroll of enchant armour
 i - a scroll of identify
Potions
 d - a potion of degeneration {unknown}
 e - 2 potions of curing {unknown}
 h - a potion of heal wounds {unknown}
 j - a potion of lignification {unknown}
 l - a potion of ambrosia {unknown}
 o - a potion of might {unknown}

Dungeon Overview and Level Annotations

Branches:
Dungeon (3/15)

Altars:

Annotations:
D:3 Grinder


Message History

The goblin hits you with a +0 dagger. The goblin hits you but does no damage.
You hit the goblin.
You kill the goblin!
You start resting.
HP restored.
c - 2 boomerangs You see here a +0 short sword.
d - a fizzy purple potion You now have 130 gold pieces (gained 16).
Things that are here:
a +0 dagger; a +0 leather armour; a goblin corpse
e - 2 blue potions (gained 1) Grinder comes into view.
Grinder shouts!
You hear a shout!
Grinder blinks!
Grinder moves out of view.
Enter note: An orc comes into view. It is wielding a +0 war axe.
The orc shouts!
The orc throws a stone.
The stone hits you but does no damage.
Throw: 2 boomerangs
Press: ? - help, Q - select action Shift-Dir - straight line, f - orc You throw a boomerang.
The boomerang barely misses the orc.
Throw: 2 boomerangs
Press: ? - help, Q - select action Shift-Dir - straight line, f/p - orc You throw a boomerang.
The boomerang hits the orc.
The orc is lightly wounded.
The orc throws a stone.
The stone closely misses you.
Throw: 2 boomerangs
Press: ? - help, Q - select action Shift-Dir - straight line, f/p - orc You throw a boomerang.
The boomerang hits the orc!
You kill the orc!
You barely miss Grinder. You peck Grinder, but do no damage. Grinder hits you.
You writhe in agony.
You slash Grinder! You claw Grinder. Your peck misses Grinder.
Grinder is moderately wounded.
Grinder hits you.
You writhe in agony.
You closely miss Grinder. You peck Grinder.
Grinder is heavily wounded.
Grinder hits you!
You die...

#.....########
####.## #.#
#######.#
........#
.######.# #.#
#####.#######
#....@.......
.......5.######
.##.#..)..# ..
##...## ..
...## . ##..#
#..# ...#


You could see Grinder.

Vanquished Creatures
  An adder (D:2)
  7 orcs (D:3)
  2 bats
  An endoplasm (D:2)
  A giant cockroach (D:2)
  4 goblins
  3 hobgoblins (D:1)
  3 quokkas
  3 ball pythons
  2 frilled lizards (D:1)
  2 kobolds
  4 rats
33 creatures vanquished.

Notes
Turn   | Place    | Note
-------+----------+-------------------------------------------
     0 | D:1      | qw the Tengu Warper began the quest for the Orb.
     0 | D:1      | Reached XP level 1. HP: 12/12 MP: 4/4
     0 | D:1      | 0 ||| qw: Version: 0.1-a-89-g26bdef1
     0 | D:1      | 0 ||| qw: Game counter: 2418
     0 | D:1      | 0 ||| qw: Always use a shield: true
     0 | D:1      | 0 ||| qw: God list: Okawaru
     0 | D:1      | 0 ||| qw: Allow faded altars: false
     0 | D:1      | 0 ||| qw: Do Orc after D:15 true
     0 | D:1      | 0 ||| qw: Do second Lair branch before Depths: true
     0 | D:1      | 0 ||| qw: Lair rune preference: random
     0 | D:1      | 0 ||| qw: Plans: Normal
     0 | D:1      | 0 ||| PLANNING D:1-11
   341 | D:1      | Reached skill level 3 in Axes
   341 | D:1      | Reached XP level 2. HP: 17/17 MP: 6/6
   679 | D:1      | 679 ||| DROPPING +0 club.
   698 | D:1      | Found a faded altar of an unknown god.
  1117 | D:1      | 1117 ||| READING 2 scrolls labelled HERESS YXKIOCIURGH.
  1122 | D:1      | 1122 ||| READING 2 scrolls labelled YPLUV WOAZUTIUHUS.
  1123 | D:1      | 1123 ||| READING scroll labelled GYTHRI NUMINI.
  1124 | D:1      | 1124 ||| READING scroll labelled QOPLAX KALOAPN.
  1125 | D:1      | 1125 ||| DROPPING scroll of blinking.
  1126 | D:1      | 1126 ||| READING scroll of teleportation.
  1284 | D:2      | Reached XP level 3. HP: 19/21 MP: 7/7
  1385 | D:2      | Reached skill level 4 in Axes
  1618 | D:2      | 1618 ||| UPGRADING to +0 chain mail.
  1628 | D:2      | 1628 ||| DROPPING +0 leather armour.
  1629 | D:2      | 1629 ||| UPGRADING to +4 ring of evasion.
  1630 | D:2      | 1630 ||| READING 4 scrolls labelled MAEDYP VENWU.
  1631 | D:2      | 1631 ||| READING 3 scrolls labelled FASKEF OLORO.
  1632 | D:2      | 1632 ||| READING scroll labelled JOROKUD UVA.
  1633 | D:2      | 1633 ||| READING 2 scrolls of identify.
  1633 | D:2      | 1633 ||| IDENTIFYING red potion
  1634 | D:2      | 1634 ||| DROPPING 3 scrolls of fear.
  1635 | D:2      | 1635 ||| DROPPING potion of invisibility.
  1660 | D:3      | 1660 ||| Stepping ~*~*~tactically~*~*~ (stealth).
  1664 | D:3      | 1664 ||| Stepping ~*~*~tactically~*~*~ (stealth).
  1670 | D:3      | 1670 ||| Stepping ~*~*~tactically~*~*~ (hiding).
  1764 | D:3      | 1764 ||| FLEEEEING.
  1769 | D:3      | 1769 ||| STAIRDANCE
  1850 | D:3      | 1850 ||| SWAPPING to +4 war axe.
  1851 | D:3      | 1851 ||| DROPPING +0 hand axe.
  1997 | D:3      | Noticed Grinder
  2007 | D:3      | Slain by Grinder

Levels and vault maps discovered:
D:1:      dpeg_arrival_central, layout_basic, ebering_ecumenical_altar_box
D:2:      layout_basic
D:3:      layout_loops_corners, uniq_robin, uniq_grinder

Skill      XL: |  1  2  3 |
---------------+----------+-----
Axes           | 3 4 |  4.4
Fighting       | |  2.0
Throwing       | |  1.0
Armour         | |  1.1
Dodging        | |  2.1
Spellcasting   | |  2.0
Translocations | |  2.4

Action                   || total
-------------------------++-------
Melee: Hand axe          ||    69
       Peck              ||    11
       Kick              ||     8
       War axe           ||     7
Throw: Boomerang         ||    10
  Use: Scroll            ||     9
Armor: Leather armour    ||     9
       Chain mail        ||    11
Dodge: Dodged            ||    33

Table legend:
 A = Non-vault XP
 B = Vault XP
 C = Vault XP percentage of total XP
 D = Non-vault monster count
 E = Vault monster count
 F = Vault count percentage of total count
                 A         B        C        D         E       F
            +---------+---------+-------+---------+---------+-------
      Total |      73 |       0 |   0.0 |      33 |       0 |   0.0
            +---------+---------+-------+---------+---------+-------
        D:1 |      24 |       0 |   0.0 |      15 |       0 |   0.0
        D:2 |      23 |       0 |   0.0 |       7 |       0 |   0.0
        D:3 |      26 |       0 |   0.0 |      11 |       0 |   0.0
            +---------+---------+-------+---------+---------+-------
